 Dungeon Crawl Stone Soup version 0.30.0-10-gfe55d96785 (webtiles) character file.

Game seed: 616453246785149314

1948 Chodeload the Fighter (level 9, -2/70 HPs)
             Began as a Djinni Wanderer on May 13, 2023.
             Was an Initiate of Ashenzari.
             Slain by a howler monkey zombie (3 damage)
             ... on level 6 of the Dungeon on May 15, 2023.
             The game lasted 00:28:30 (5683 turns).

Chodeload the Fighter (Djinni Wanderer)             Turns: 5683, Time: 00:28:30

Health: -2/70      AC:  5    Str: 16    XL:     9   Next: 41%
Gold:   340        EV: 13    Int: 19    God:    Ashenzari [......] SH:  0 Dex: 13

rFire   + + .        a - +0 whip (elec)
rCold   x . .        (no shield)
rNeg    . . .        c - +2 leather armour
rPois   ∞            (no helmet)
rElec   .            (no cloak)
rCorr   .            (no gloves)
SInv    .            (boots unavailable)
Will    .....        (no amulet)
Stlth   +            o - +6 ring of intelligence
HPRegen 0.31/turn    (no ring)
MPRegen 0.00/turn

%: infuse magic (-3 HP)
@: freezing walls, flying
A: sickness immunity, fire resistance 2, cold vulnerability 1, float, innate
caster, HP casting, extra vitality 1
a: Renounce Religion


You were on level 6 of the Dungeon.
You worshipped Ashenzari.
Ashenzari was noncommittal.
You visited 2 branches of the dungeon, and saw 9 of its levels.

You collected 340 gold pieces.

Inventory:

Hand Weapons
 a - a +0 whip of electrocution (weapon)
 b - a +2 war axe of flaming
Missiles
 e - 2 javelins
 q - a throwing net
 F - 18 poisoned darts (quivered)
Armour
 c - a +2 leather armour (worn)
 n - an orb of guile
Magical Staves
 g - a staff of poison
Jewellery
 o - a +6 ring of intelligence (left hand)
Wands
 A - a wand of iceblast (15)
 E - a wand of polymorph (1)
Scrolls
 k - 2 scrolls of vulnerability
 l - a scroll of enchant armour
 s - a scroll of noise {unknown}
 u - a scroll of poison {unknown}
 v - a scroll of fog {unknown}
 x - a scroll of teleportation {unknown}
 y - 2 scrolls of brand weapon {unknown}
 z - 2 scrolls of magic mapping {unknown}
 B - a scroll of torment {unknown}
Potions
 d - 3 potions of haste
 f - a potion of lignification
 h - a potion of magic
 i - a potion of berserk rage {unknown}
 j - a potion of cancellation
 m - 2 potions of heal wounds {unknown}
 p - 3 potions of attraction
 r - a potion of ambrosia {unknown}
 w - a potion of might {unknown}
 C - a potion of curing {unknown}
 D - a potion of mutation {unknown}


   Skills:
 - Level 8.0 Fighting
 + Level 2.2 Axes
 - Level 1.0 Throwing
 - Level 1.0 Armour
 - Level 5.4 Dodging
 + Level 6.3 Spellcasting


You knew the following spells:

 Your Spells              Type           Power      Damage    Failure   Level
a - Frozen Ramparts       Ice            60%        1d10      3%          3
b - Freeze                Ice            100%       1d10      1%          1
c - Slow                  Hex            100%       N/A       1%          1
d - Lesser Beckoning      Tloc           60%        N/A       1%          2
e - Vampiric Draining     Necr           30%        2d8       3%          3
f - Spider Form           Tmut/Pois      30%        N/A       3%          3

Your spell library contained the following spells:

 Spells                   Type           Power      Damage    Failure   Level


Dungeon Overview and Level Annotations

Branches:
Dungeon (8/15)             Temple (1/1) D:6
   Lair: D:8-11

Altars:
Ashenzari
Elyvilon
Fedhas
Gozag
Hepliaklqana
Ru
Uskayaw
Wu Jian
Xom

Shops:
D:2 :

Annotations:
D:3 exclusion: downstairs
D:4 Pikel
D:8 exclusion: door


Innate Abilities, Weirdness & Mutations

You are immune to sickness and miasma.
You are immune to poison.
Your flesh is very heat resistant. (rF++)
You are vulnerable to cold. (rC-)
You float through the air rather than walking.
You learn spells naturally, not from books.
Your magical power is your life essence.
You have superior vitality. (+4 MHP)


Message History

Lightning courses through the hornet zombie!
The hornet zombie is heavily damaged.
The hornet zombie closely misses you.
You hit the hornet zombie.
Lightning courses through the hornet zombie!
You punch the hornet zombie, but do no damage.
The hornet zombie is severely damaged.
The hornet zombie barely misses you.
You hit the hornet zombie.
Lightning courses through the hornet zombie!
You destroy the hornet zombie!
You completely miss the howler monkey zombie.
The howler monkey zombie is lightly damaged.
The howler monkey zombie closely misses you.
Casting: Frozen Ramparts (dangerous; 3% risk of failure)
Confirm with . or Enter, or press ? or * to list all spells.
Casting: Frozen Ramparts (dangerous; 3% risk of failure)
Press: ? - help, Dir - look around, f - activate The walls around you are covered in ice.
* * * LOW HITPOINT WARNING * * *
The howler monkey zombie resists.
The wall freezes the howler monkey zombie.
The howler monkey zombie hits you but does no damage.
You hit the howler monkey zombie.
The howler monkey zombie is heavily damaged.
The howler monkey zombie completely resists.
The wall freezes the howler monkey zombie but does no damage.
The howler monkey zombie closely misses you.
You barely miss the howler monkey zombie.
The howler monkey zombie is heavily damaged.
The howler monkey zombie resists.
The wall freezes the howler monkey zombie.
The howler monkey zombie hits you.
* * * LOW HITPOINT WARNING * * *
You hit the howler monkey zombie but do no damage.
The howler monkey zombie is heavily damaged.
The howler monkey zombie resists.
The wall freezes the howler monkey zombie.
The howler monkey zombie hits you.
You die...

.........#.# .♣
#######....##[# .♣
...........##.. ?.
######.####### .
...#.......# ♣♣.
###.#######.# ♣..♣
#.......†...#
♣...######.#.#########
♣..Z@...#.#
#########.# #.# #.#
#.# #.#


You could see a howler monkey zombie.

Vanquished Creatures
  A sky beast (D:6)
  An orc warrior (D:8)
  2 ice beasts
  2 black bears
  A hornet zombie (D:6)
  2 ogres (D:5)
  2 lemures (D:4)
  A centaur (D:6)
  A phantom (D:5)
  2 bullfrogs
  3 scorpions
  A water moccasin zombie (D:6)
  A bullfrog zombie (D:6)
  A centaur zombie (D:6)
  A quasit (D:5)
  5 hounds
  An orc priest (D:5)
  A sleepcap (D:4)
  An iguana (D:5)
  2 orc wizards
  5 adders
  3 gnolls (D:3)
  3 shadow imps (D:5)
  2 white imps (D:5)
  2 ufetubi
  A worm (D:2)
  A dart slug (D:1)
  8 orcs
  6 ball pythons
  6 bats
  5 endoplasms
  3 giant cockroaches
  12 goblins
  20 hobgoblins
  14 jackals
  A quokka (D:3)
  5 frilled lizards
  9 kobolds
  12 rats
150 creatures vanquished.

Notes
Turn   | Place    | Note
-------+----------+-------------------------------------------
     0 | D:1      | Chodeload the Djinni Wanderer began the quest for the Orb.
     0 | D:1      | Chodeload set off with the following items: a +0 dagger, 11
                  | poisoned darts, a +2 leather armour, a potion of
                  | invisibilitythe following spells memorised: Frozen
                  | Ramparts, Freeze.
     0 | D:1      | Reached XP level 1. HP: 17/17 MP: 0/0
   218 | D:1      | Reached XP level 2. HP: 21/22 MP: 0/0
   407 | D:1      | Reached skill level 2 in Fighting
   416 | D:1      | Reached XP level 3. HP: 7/28 MP: 0/0
   416 | D:1      | Learned a level 1 spell: Slow
   882 | D:2      | Found the +5 robe of Misfortune {Harm *Corrode *Slow EV+5}
   904 | D:2      | Reached XP level 4. HP: 34/34 MP: 0/0
  1021 | D:2      | Found Xyacha's Book Shoppe.
  1303 | D:2      | Reached skill level 3 in Fighting
  1407 | D:3      | Noticed a +0 short sword
  1409 | D:3      | Noticed a +0 falchion
  1410 | D:3      | Noticed a +0 short sword
  1417 | D:3      | Noticed a +0 falchion
  1458 | D:4      | Noticed Pikel
  1458 | D:4      | Noticed a lemure
  1458 | D:4      | Noticed a lemure
  1458 | D:4      | Noticed a lemure
  1458 | D:4      | Noticed a lemure
  1482 | D:3      | Found a white marble altar of Elyvilon.
  1549 | D:3      | Noticed a +0 dagger
  1551 | D:3      | Reached XP level 5. HP: 40/40 MP: 0/0
  1551 | D:3      | Learned a level 2 spell: Lesser Beckoning
  1590 | D:3      | Noticed a +0 spear
  1591 | D:3      | Noticed a +0 spear
  1591 | D:3      | Noticed a +0 dagger
  1594 | D:3      | Found a hide-covered altar of Uskayaw.
  1757 | D:4      | Reached XP level 6. HP: 28/47 MP: 0/0
  1831 | D:3      | Reached skill level 4 in Fighting
  2113 | D:5      | Entered Level 5 of the Dungeon
  2524 | D:5      | HP: 1/48 [shadow imp/nerve-wracking pain (14)]
  3237 | D:5      | Reached XP level 7. HP: 38/53 MP: 0/0
  3237 | D:5      | Learned a level 3 spell: Vampiric Draining
  3374 | D:6      | Reached skill level 5 in Fighting
  3588 | D:5      | Reached XP level 8. HP: 37/61 MP: 0/0
  3624 | D:5      | Reached skill level 6 in Fighting
  3876 | D:5      | Reached skill level 5 in Spellcasting
  4311 | D:5      | You are sucked into a shaft and drop 3 floors!
  4316 | D:8      | Noticed a slime creature
  4340 | D:8      | Reached skill level 7 in Fighting
  4514 | D:7      | Found a sacrificial altar of Ru.
  4591 | D:7      | Reached XP level 9. HP: 68/68 MP: 0/0
  4591 | D:7      | Learned a level 3 spell: Spider Form
  5178 | D:6      | Found a staircase to the Ecumenical Temple.
  5187 | Temple   | Entered the Ecumenical Temple
  5297 | Temple   | Became a worshipper of Ashenzari the Shackled
  5356 | D:6      | HP: 1/68 [ice beast (13)]
  5364 | D:6      | Reached skill level 1 in Axes
  5675 | D:6      | Reached skill level 8 in Fighting
  5682 | D:6      | HP: 1/70 [howler monkey zombie (5)]
  5683 | D:6      | Slain by a howler monkey zombie

Illustrated notes

Levels and vault maps discovered:
D:1:      wheals_arrival_linesprint, layout_rooms,
          chequers_serial_rivers_large_a, minmay_quantized
D:2:      cheibrodos_greedy_goblins, layout_loops_cross, serial_shops,
          nicolae_square_shop, minmay_hexomino_u4
D:3:      layout_rooms, mainiacjoe_overflow_24_doors, nicolae_uskayaw_en_pointe
D:4:      layout_layer_cave, uniq_pikel
D:5:      layout_cave_pods, serial_demonic, serial_demonic_b, serial_demonic_a,
          serial_demonic_c, serial_demonic_b
D:6:      layout_basic, nicolae_yredelemnul_corpse_copse,
          minmay_temple_entry_overgrown
D:7:      layout_loops_corners, nicolae_ru_sacrificial_ziggurat
D:8:      minmay_razor_zed, layout_layer_cave, amcnicky_altar_gilded,
          chequers_temple_overflow_statue_of_worship,
          mainiacjoe_overflow_alcove_2, nrook_mini_vaults,
          minmay_tree_intersection, minivault_26, nicolae_water_bricks,
          kennysheep_just_a_vault, uniq_maggie
Temple:   minmay_temple_forest_path

Skill      XL: |  1  2  3  4  5  6  7  8  9 |
---------------+----------------------------+-----
Spellcasting   | 2 3 4 5 6 |  6.3
Fighting       | 2 3 4 5 7 8 |  8.0
Axes           | 2 |  2.2
Throwing       | |  1.0
Armour         | |  1.0
Dodging        | |  5.4

Action                     |  1- 3 |  4- 6 |  7- 9 || total
---------------------------+-------+-------+-------++-------
  Melee: Dagger            |    84 |       |       ||    84
         Punch             |     1 |     1 |     4 ||     6
         Whip              |    13 |   267 |   156 ||   436
  Throw: Dart              |    35 |     6 |    14 ||    55
         Stone             |     4 |       |       ||     4
   Cast: Freeze            |    16 |    10 |    10 ||    36
         Frozen Ramparts   |       |     5 |    17 ||    22
         Vampiric Draining |       |       |     8 ||     8
         Slow              |       |       |     3 ||     3
  Evoke: Wand              |       |       |    17 ||    17
    Use: Potion            |     1 |       |       ||     1
         Scroll            |     4 |     4 |     1 ||     9
   Stab: Invisible         |     1 |       |       ||     1
         Sleeping          |       |     2 |       ||     2
 Armour: Leather armour    |    38 |    66 |    80 ||   184
  Dodge: Dodged            |    87 |   186 |   159 ||   432
